 Dungeon Crawl Stone Soup version 0.30-a0-715-gdb4ae3ece1 (webtiles) character file.

Game seed: 12029056158208537404

54 MackTheKnife the Sneak (level 3, -4/19 HPs)
             Began as a Deep Elf Wanderer on Jan 24, 2023.
             Was a Plaything of Xom.
             Slain by a gnoll
             ... wielding a +0 spear
              (8 damage)
             ... on level 3 of the Dungeon.
             The game lasted 00:02:50 (1866 turns).

MackTheKnife the Sneak (Deep Elf Wanderer)          Turns: 1866, Time: 00:02:51

Health: -4/19      AC:  2    Str:  8    XL:     3   Next: 66%
Magic:  16/16      EV:  7    Int: 17    God:    Xom [..*...]
Gold:   125        SH:  0    Dex: 16    Spells: 4/5 levels left

rFire   . . .      SeeInvis .    a - +2 dagger {short}
rCold   . . .      Faith    .    m - orb {*channel}
rNeg    . . .      Spirit   .    e - +0 robe
rPois   .          Reflect  .    (no helmet)
rElec   .          Harm     .    (no cloak)
rCorr   .          Rampage  .    (no gloves)
Will    .....                    (no boots)
Stlth   +++                      (no amulet)
HPRegen 0.23/turn                j - ring of magical power
MPRegen 0.15/turn                (no ring)

@: held
A: no striking features
a: Renounce Religion


You were on level 3 of the Dungeon.
You worshipped Xom.
You were a toy of Xom.
You visited 1 branch of the dungeon, and saw 3 of its levels.

You collected 125 gold pieces.


   Skills:
 + Level 0.2 Short Blades
 - Level 1.5 Armour
 - Level 4.1 Dodging
 - Level 6.0 Stealth
 - Level 1.5 Spellcasting
 - Level 1.1 Transmutations
 - Level 1.1 Evocations


You had 4 spell levels left.
You knew the following spells:

 Your Spells              Type           Power      Damage    Failure   Level
a - Beastly Appendage     Tmut           10%        N/A       13%         1

Your spell library contained the following spells:

 Spells                   Type           Power      Damage    Failure   Level
 Ignite Poison            Fire/Tmut/Pois 2%         N/A       47%         3

Inventory:

Hand Weapons
 a - a +2 dagger (weapon) {short}
Armour
 e - a +0 robe (worn)
 f - a +0 ring mail
   (You found it on level 1 of the Dungeon)
 h - a +0 robe
   (You found it on level 1 of the Dungeon)
 m - an orb of energy (worn)
   (You found it on level 2 of the Dungeon)
 n - a +0 ring mail
   (You found it on level 2 of the Dungeon)
 p - a +0 robe
   (You found it on level 3 of the Dungeon)
Magical Staves
 l - a staff of air {!astaff}
   (You found it on level 2 of the Dungeon)
Jewellery
 j - a ring of magical power (left hand)
   (You found it on level 2 of the Dungeon)
Wands
 c - a wand of polymorph (7)
 o - a wand of paralysis (8)
   (You found it on level 3 of the Dungeon)
Scrolls
 b - a scroll of blinking {!r}
 g - a scroll of fear
 i - a scroll of teleportation {@r4}
 k - a scroll of identify {unknown}
Potions
 d - a potion of curing {@q1}
 q - a potion of resistance {unknown}

Dungeon Overview and Level Annotations

Branches:
Dungeon (3/15) Zot: 16134

Altars:
Xom

######## ## ##
.......## ###... ...
........# ##.... ..#
######..##########..##
#..#
#.............#.###.#..
#
##.#########.#.#.#.#.#
#
###...>.....@.##.#.#.#
# #..........##.###...#
#
#.#...####.##g##b#.#.#
# #.#.#.# #.##b#.#.#.#
#####.#.#.#
#.##b.#.###.# .
........#.#
#.###.ยง#####....
###..โ€ ###.# #.#
##o.g.o...# ..........#
#.# #.###b.#.#
###.####..# #.# #.# .#
#


You could see a gnoll (agile, ally target) and an orc.


Message History

You hit the ball python.
You kill the ball python!
The rat misses you.
You hit the rat.
You kill the rat! ๐Ÿ˜Ž HP[+1]
Your hp is fully restored (19).
No target in view!
No target in view!
No target in view!
No target in view!
No target in view!
No target in view!
No target in view!
No target in view!
No target in view!
Key pressed, stopping explore.
A frilled lizard comes into view.
A frilled lizard is nearby!
No target in view!
No target in view!
No target in view!
No target in view!
No target in view!
No target in view!
No target in view!
No target in view!
No target in view!
No target in view!
A frilled lizard is nearby!
The frilled lizard hisses angrily.
The frilled lizard bites you. ๐Ÿ˜• HP[-1]
You take 1 damage, and now have 18/19 hp.
You barely miss the frilled lizard. The frilled lizard misses you.
You hit the frilled lizard.
You kill the frilled lizard!
No target in view!
No target in view!
No target in view!
No target in view!
No target in view!
No target in view!
An orc comes into view. It is wielding a +1 heavy hand axe.
The orc moves out of view. ๐Ÿ˜Ž HP[+1]
Your hp is fully restored (19).
A gnoll comes into view. It is wielding a +0 club.
A gnoll comes into view. It is wielding a +0 spear.
The gnoll moves out of view.
The gnoll shouts!
You hit the gnoll.
You hear a shout! x2
The gnoll hits you with a +0 spear. ๐Ÿ˜• HP[-1]
You take 1 damage, and now have 18/19 hp.
You hit the gnoll. The gnoll hits you with a +0 spear.
A shower of butterflies erupts from you! ๐Ÿ˜ฎ HP[-6]
You take 6 damage, and now have 12/19 hp.
MASSIVE DAMAGE!! (PAUSE)
You hit the gnoll. The gnoll hits you with a +0 spear.
* * * LOW HITPOINT WARNING * * *
๐Ÿ˜จ HP[-5]
You take 5 damage, and now have 7/19 hp.
MASSIVE DAMAGE!! (PAUSE)
You hit the gnoll. The gnoll hits you with a +0 spear.
* * * LOW HITPOINT WARNING * * *
A shower of butterflies erupts from you! ๐Ÿ˜ฑ HP[-6]
You take 6 damage, and now have 1/19 hp.
MASSIVE DAMAGE!! (PAUSE)
You swap places.
The orc hits your butterfly with a +1 heavy hand axe!
Your butterfly dies!
Your butterfly disappears in a puff of smoke!
The gnoll barely misses you. ๐Ÿ˜ฑ HP[+1] Unknown command.
You swap places.
The gnoll hits your butterfly with a +0 spear.
Your butterfly dies!
Your butterfly degenerates into a cloud of primal chaos!
Unknown command.
You swap places.
Your butterfly is engulfed in seething chaos. x2
The gnoll is engulfed in seething chaos.
The gnoll suddenly seems more agile. ๐Ÿ˜ฑ HP[+1]
Something hits your butterfly!
Your butterfly dies!
Your butterfly disappears in a puff of smoke!
The gnoll throws a throwing net.
The throwing net hits you.
You become entangled in the net!
You see here a throwing net {=f!fthrowing}.
You struggle against the net.
Something misses your butterfly. ๐Ÿ˜ฑ HP[+1]
You struggle against the net.
The gnoll hits you from afar with a +0 spear!
You die...

Skill      XL: |  1  2  3 |
---------------+----------+-----
Dodging        | 2 3 4 |  4.1
Short Blades   | |  0.2
Armour         | |  1.5
Stealth        | |  6.0
Spellcasting   | |  1.5
Transmutations | |  1.1
Evocations     | |  1.1

Action                     || total
---------------------------++-------
  Melee: Dagger            ||   108
         Kick              ||     3
   Cast: Beastly Appendage ||     4
    Use: Potion            ||     1
         Scroll            ||     4
   Stab: Sleeping          ||     9
         Distracted        ||     1
 Armour: Robe              ||    10
  Dodge: Dodged            ||    63

Levels and vault maps discovered:
D:1:      eino_arrival_cavern_d, layout_basic, basic_ecumenical_altar
D:2:      layout_loops_ring, kennysheep_cross_room
D:3:      layout_loops_ring, minmay_circle_x

Notes
Turn   | Place    | Note
-------+----------+-------------------------------------------
     0 | D:1      | MackTheKnife the Deep Elf Wanderer began the quest for the
                  | Orb.
     0 | D:1      | MackTheKnife set off with the following items: a +2 dagger
                  | {short}, a scroll of blinking {!r}, a wand of polymorph
                  | (7), a potion of curing {@q1}, a +0 robe; and the following
                  | spell memorised: Beastly Appendage; and the following
                  | spells available to memorise: Ignite Poison.
     0 | D:1      | Reached XP level 1. HP: 10/10 MP: 5/5
     0 | D:1      | magus.rc [v1.9.6]
   159 | D:1      | Reached skill level 1 in Dodging
   236 | D:1      | Found a faded altar of an unknown god.
   285 | D:1      | Prayed at the altar of an unknown god.
   285 | D:1      | Became a worshipper of Xom of Chaos
   387 | D:1      | Reached skill level 2 in Dodging
   593 | D:1      | XOM: silly message
   602 | D:1      | XOM: silly message
   805 | D:2      | Reached XP level 2. HP: 13/15 MP: 6/6
   863 | D:2      | XOM: silly message
   941 | D:2      | Reached skill level 3 in Dodging
  1080 | D:2      | XOM: silly message
  1105 | D:2      | HP: 3/15 [kobold/+0 whip (4)]
  1109 | D:2      | HP: 1/15 [frilled lizard (2)]
  1116 | D:2      | Reached XP level 3. HP: 13/19 MP: 7/7
  1384 | D:2      | XOM: butterfly on damage
  1662 | D:3      | Reached skill level 4 in Dodging
  1744 | D:3      | XOM: silly message
  1854 | D:3      | XOM: butterfly on damage
  1856 | D:3      | HP: 1/19 [gnoll/+0 spear (6)]
  1856 | D:3      | XOM: butterfly on damage
  1866 | D:3      | Slain by a gnoll

Vanquished Creatures
  2 adders
  A worm (D:2)
  5 endoplasms
  2 giant cockroaches (D:2)
  A goblin (D:3)
  2 hobgoblins (D:2)
  4 kobolds
  A quokka (D:2)
  9 ball pythons
  A bat (D:1)
  3 frilled lizards
  4 rats
35 creatures vanquished.

Table legend:
 A = Non-vault XP
 B = Vault XP
 C = Vault XP percentage of total XP
 D = Non-vault monster count
 E = Vault monster count
 F = Vault count percentage of total count
                 A         B        C        D         E       F
            +---------+---------+-------+---------+---------+-------
      Total |      76 |       2 |   2.6 |      33 |       2 |   5.7
            +---------+---------+-------+---------+---------+-------
        D:1 |      11 |       0 |   0.0 |       8 |       0 |   0.0
        D:2 |      37 |       0 |   0.0 |      14 |       0 |   0.0
        D:3 |      28 |       2 |   6.7 |      11 |       2 |  15.4
            +---------+---------+-------+---------+---------+-------

Illustrated notes

Table legend:
 A = Kills in this place as a percentage of kills in entire the game.
 B = Kills by you in this place as a percentage of kills by you in the entire game.
 C = Kills by friends in this place as a percentage of kills by friends in the entire game.
 D = Other kills in this place as a percentage of other kills in the entire game.
 E = Experience gained in this place as a percentage of experience gained in the entire game.
 F = Experience gained in this place divided by the number of levels of this place that you have seen.
                   A       B       C       D       E      F
               +-------+-------+-------+-------+-------+----------------------
         Total | 100.0 | 100.0 |   N/A |   N/A | 100.0 |  26.0
       Dungeon | 100.0 | 100.0 |   N/A |   N/A | 100.0 |  26.0
               +-------+-------+-------+-------+-------+----------------------

Table legend: (Time is in decaauts)
 A = Elapsed time spent in this place.
 B = Non-inter-level travel time spent in this place.
 C = Inter-level travel time spent in this place.
 D = Time resting spent in this place.
 E = Time spent auto-exploring this place.
 F = Levels seen in this place.
 G = Mean time per level.
                   A        B        C        D        E       F      G
               +--------+--------+--------+--------+--------+-----+--------+
         Total |   1864 |   1778 |     86 |    132 |   1323 |   3 |  621.3 |
       Dungeon |   1864 |   1778 |     86 |    132 |   1323 |   3 |  621.3 |
               +--------+--------+--------+--------+--------+-----+--------+

Top non-repeatable levels by time:
     D:2: 822 daAuts
     D:1: 657 daAuts
     D:3: 385 daAuts
